 Dungeon Crawl Stone Soup version 0.27.1-34-g3ba077fa99 (webtiles) character file.

Game seed: 10115122093851319070

38 Jerry the Chucker (level 3, -5/35 HPs)
             Began as a Troll Hunter on Jan 3, 2022.
             Was an Initiate of Ashenzari.
             Killed by divine providence
             ... invoked by an orc priest
              (14 damage)
             ... on level 2 of the Dungeon.
             The game lasted 00:03:49 (865 turns).

Jerry the Chucker (Troll Hunter)                     Turns: 865, Time: 00:03:50

Health: -5/35      AC:  4    Str: 20    XL:     3   Next: 25%
Magic:  2/2        EV: 10    Int:  8    God:    Ashenzari [......]
Gold:   11         SH:  0    Dex: 10    Spells: 2/2 levels left

rFire    . . .     SeeInvis .   a - +0 short sword
rCold    . . .     Faith    .   (no shield)
rNeg     . . .     Spirit   .   b - +0 robe of Supernal Understanding {Fort, Evo} (curse)
rPois    .         Reflect  .   (helmet restricted)
rElec    .         Harm     .   (no cloak)
rCorr    .         Rampage  .   (gloves unavailable)
Will     .....                  (boots unavailable)
Stlth    +.........             (no amulet)
HPRegen  1.11/turn              (no ring)
MPRegen  0.08/turn              (no ring)

@: no status effects
A: large, unfitting armour, claws 3, regeneration 1, shaggy fur 1, tough skin 1
a: Renounce Religion, Shatter the Chains


You were on level 2 of the Dungeon.
You worshipped Ashenzari.
Ashenzari was noncommittal.
You visited 1 branch of the dungeon, and saw 2 of its levels.

You collected 77 gold pieces.
You spent 66 gold pieces at shops.

Inventory:

Hand Weapons
 a - a +0 short sword (weapon)
 j - a +0 flail
Missiles
 c - 5 large rocks (quivered)
 d - 2 throwing nets
Armour
 b - the cursed +0 robe of Supernal Understanding (worn) {Fort, Evo}

   It has a curse which improves the following skills: Fortitude: Armour and
   Shields.
   Evocations: Evocations.
Scrolls
 e - 3 scrolls of teleportation
 f - a scroll of noise
 h - a scroll of blinking
 i - a scroll of brand weapon
Potions
 g - a potion of might


   Skills:
 + Level 2.1 Fighting
 + Level 4.0 Throwing
 + Level 2.1 Dodging
 - Level 0.3 Stealth


You had 2 spell levels left.
You didn't know any spells.
Your spell library was empty.

Dungeon Overview and Level Annotations

Branches:
Dungeon (2/15)

Altars:
Ashenzari

Shops:
D:2 *[(


Innate Abilities, Weirdness & Mutations

You are too large for most types of armour.
You have claws for hands.
Your natural rate of healing is unusually fast.
You are covered in fur. (AC +1)
You have tough skin. (AC +1)


Message History

You kill the orc!
The orc hits you with a +0 flail. The orc barely misses you.
You barely miss the orc. The orc hits you but does no damage.
You hit the orc.
The orc is almost dead.
The orc closely misses you.
You hit the orc.
You kill the orc!
No target in view!
No target in view!
HP restored.
Things that are here:
a +0 whip; a +0 hand axe An orc priest comes into view.
It is wielding a +0 club.
You see here a +0 flail.
j - a +0 flail The orc priest calls down the wrath of Beogh upon you.
Pain shoots through your body!
You hit the orc priest but do no damage.
The orc priest hits you with a +0 club.
You hit the orc priest.
The orc priest is moderately wounded.
The orc priest misses you.
You barely miss the orc priest.
The orc priest is moderately wounded.
The orc priest mumbles some strange prayers to Beogh against you.
Beogh smites you! The orc priest hits you with a +0 club.
You are too injured to fight recklessly!
You are too injured to fight recklessly!
You are too injured to fight recklessly!
You are too injured to fight recklessly!
You hit the orc priest.
The orc priest is moderately wounded.
The orc priest hits you with a +0 club.
* * * LOW HITPOINT WARNING * * *
You hit the orc priest.
The orc priest is severely wounded.
The orc priest calls down the wrath of Beogh upon you.
Beogh smites you!
You die...

#..#.# ## #..#.#
...# ..#.#
.....##.#∩#
........#.##
##)...# #
#.....# #.
#.....#
#.#+#@....#
#...o.!...#####
##
#..............
.#
#....)....?...
.#
###.............
.##
#........#.##+##
..#
#.##......∩...#
#.# #.
##+#.##.#..# #.#
#.#.#..##>#


You could see an orc priest.

Vanquished Creatures
  3 dart slugs
  3 orcs (D:2)
  3 endoplasms (D:1)
  4 goblins
  3 hobgoblins
  A kobold (D:1)
  A quokka (D:2)
  3 ball pythons
  3 bats
  3 rats
27 creatures vanquished.

Notes
Turn   | Place    | Note
-------+----------+-------------------------------------------
     0 | D:1      | Jerry the Troll Hunter began the quest for the Orb.
     0 | D:1      | Reached XP level 1. HP: 19/19 MP: 0/0
   358 | D:1      | Reached XP level 2. HP: 28/28 MP: 1/1
   502 | D:1      | Found a faded altar of an unknown god.
   509 | D:1      | Became a worshipper of Ashenzari the Shackled
   715 | D:2      | Found Suuddi Roekh's Assorted Antiques.
   740 | D:2      | Reached XP level 3. HP: 35/35 MP: 2/2
   741 | D:2      | Bought a scroll of teleportation for 66 gold pieces
   782 | D:2      | Reached skill level 4 in Throwing
   823 | D:2      | Found Uxtyh's Antique Weapon Boutique.
   837 | D:2      | Found Furaamul's Armour Emporium.
   865 | D:2      | Killed from afar by an orc priest

Illustrated notes

Levels and vault maps discovered:
D:1:      lightli_arrival_statuegarden, layout_basic,
          dilly_ecumenical_altar_fadedgnrine
D:2:      layout_basic, serial_shops, nicolae_shop_crystal,
          nicolae_diamond_shop, shop, minmay_misc_feat_chi, uniq_natasha

Skill      XL: |  1  2  3 |
---------------+----------+-----
Fighting       | 2 |  2.1
Dodging        | 2 |  2.1
Throwing       | 4 |  4.0
Stealth        | |  0.3

Action                   || total
-------------------------++-------
Melee: Short sword       ||   113
Invok: Curse Item        ||     1
Armor: Robe              ||    32
Dodge: Dodged            ||    59
